 Dungeon Crawl Stone Soup version 0.24.0-123-gd5b16e6ec5 (webtiles) character file.

Game seed: 8850628124543041008, levelgen mode: deterministic

772 Alfie the Chopper (level 7, -13/62 HPs)
             Began as a Hill Orc Fighter on Jan 13, 2020.
             Mangled by Menkaure (15 damage)
             ... on level 5 of the Dungeon.
             The game lasted 00:13:30 (3032 turns).

Alfie the Chopper (Hill Orc Fighter)                Turns: 3032, Time: 00:13:31

Health: -13/62     AC: 11    Str: 21    XL:     7   Next: 83%
Magic:  7/7        EV:  8    Int:  8    God:
Gold:   238        SH:  9    Dex: 10    Spells: 6/6 levels left

rFire    . . .     SeeInvis .   a - +0 war axe
rCold    . . .     Gourm    .   c - +0 shield
rNeg     . . .     Faith    .   b - +0 scale mail
rPois    +         Spirit   .   (no helmet)
rElec    .         Reflect  .   e - +1 cloak {rPois}
rCorr    .         Harm     +   (no gloves)
MR       .....                  h - +1 pair of boots
Stlth    ..........             s - amulet of harm
HPRegen  0.20/turn              (no ring)
MPRegen  0.10/turn              (no ring)

@: no status effects
A: no striking features
a: no special abilities


You were on level 5 of the Dungeon.
You were not hungry.

You visited 1 branch of the dungeon, and saw 5 of its levels.
You also visited: Ossuary.

You collected 238 gold pieces.

Inventory:

Hand Weapons
 a - a +0 war axe (weapon)
 m - a +0 dagger of venom
 t - a +2 flail of holy wrath
Armour
 b - a +0 scale mail (worn)
 c - a +0 shield (worn)
 e - a +1 cloak of poison resistance (worn)
 h - a +1 pair of boots (worn)
Jewellery
 p - an uncursed ring of flight
 s - an amulet of harm (around neck)
Wands
 n - a wand of polymorph (11)
Scrolls
 j - a scroll of enchant armour {unknown}
 k - 2 scrolls of identify
 l - 3 scrolls of remove curse
 o - a scroll of noise {unknown}
 q - 2 scrolls of fear
 u - a scroll of blinking
 v - 2 scrolls of fog {unknown}
Potions
 d - a potion of might
 g - 3 potions of heal wounds {unknown}
 i - a potion of curing
 r - 2 potions of cancellation {unknown}
Comestibles
 f - 6 rations


   Skills:
 + Level 5.7 Fighting
 + Level 7.6 Axes
 + Level 4.7 Armour
 + Level 1.8 Dodging
 + Level 4.8 Shields


You had 6 spell levels left.
You didn't know any spells.
Your spell library was empty.

Dungeon Overview and Level Annotations

Branches:
Dungeon (5/15)            Ossuary (visited)
 Temple: D:4-7

Altars:
Makhleb

Shops:
D:4 *

Annotations:
D:5 Menkaure


Message History

* * * LOW HITPOINT WARNING * * *
You barely miss Menkaure. Menkaure closely misses you.
You slash Menkaure!
Menkaure is severely damaged.
Menkaure hits you!
* * * LOW HITPOINT WARNING * * *
Your shield and scale mail prevent you from hitting Menkaure.
Menkaure is severely damaged.
You block Menkaure's attack.
You hit Menkaure.
Menkaure is almost destroyed.
Menkaure calls on the powers of darkness!
You feel a surge of unholy energy.
You hit Menkaure.
Menkaure is almost destroyed.
You block Menkaure's attack.
You barely miss Menkaure.
Menkaure is almost destroyed.
Menkaure hits you!
You die...

#.##.......# #.#
#.####.###
####.###.....#...
#........####.###
#.##.###.# #.# #.##.#
#.####.### # #.##.#
#.##.)....
#(####.##.###.##.#.###
#....@M....##.##.#....
######......[.## #####
####.>#### # ..# # .#
# . # ## #


You could see Menkaure.

Vanquished Creatures
  Edmund (D:4)
  A crimson imp (D:4)
  A hound (D:4)
  3 orc priests (D:3)
  A centaur skeleton (D:4)
  2 orc wizards (D:4)
  2 iguanas
  4 worker ants (D:4)
  A hound skeleton (D:4)
  3 mummies (Ossuary)
  Robin (D:3)
  2 adders
  4 gnolls (D:3)
  An adder zombie (Ossuary)
  2 worms (D:2)
  2 dart slugs (D:3)
  A leopard gecko (D:2)
  20 orcs
  5 ball pythons
  7 giant cockroaches
  21 goblins
  9 hobgoblins
  2 jackals (D:3)
  4 kobolds
  3 quokkas
  6 bats
  7 frilled lizards
  A goblin zombie (Ossuary)
  2 hobgoblin zombies (Ossuary)
  A kobold zombie (Ossuary)
  A quokka zombie (Ossuary)
  5 rats
126 creatures vanquished.

Notes
Turn   | Place    | Note
-------+----------+-------------------------------------------
     0 | D:1      | Alfie the Hill Orc Fighter began the quest for the Orb.
     0 | D:1      | Reached XP level 1. HP: 19/19 MP: 1/1
    98 | D:1      | Reached XP level 2. HP: 27/27 MP: 2/2
   227 | D:1      | Reached skill level 3 in Axes
   493 | D:2      | Reached XP level 3. HP: 27/33 MP: 3/3
  1158 | D:2      | Reached skill level 4 in Axes
  1418 | D:3      | Reached XP level 4. HP: 38/40 MP: 4/4
  1437 | D:3      | Noticed Robin
  1456 | D:3      | Killed Robin
  1560 | D:3      | Reached XP level 5. HP: 32/47 MP: 5/5
  1570 | D:3      | Reached skill level 5 in Fighting
  1610 | D:3      | Found a burning altar of Makhleb.
  1750 | D:3      | Reached skill level 5 in Axes
  1916 | D:3      | Reached XP level 6. HP: 50/56 MP: 6/6
  2229 | D:4      | Found Tosoag's Lightly-Used Armoury.
  2246 | D:4      | Noticed Edmund
  2262 | D:4      | Killed Edmund
  2262 | D:4      | Reached skill level 6 in Axes
  2262 | D:4      | Reached skill level 1 in Dodging
  2267 | D:4      | Reached XP level 7. HP: 36/61 MP: 7/7
  2435 | D:4      | Reached skill level 7 in Axes
  2891 | D:5      | Entered Level 5 of the Dungeon
  2916 | D:5      | Found a sand-covered staircase.
  2941 | Ossuary  | Entered an ossuary
  3019 | D:5      | Noticed Menkaure
  3028 | D:5      | HP: 1/62 [Menkaure (18)]
  3032 | D:5      | Mangled by Menkaure

Levels and vault maps discovered:
D:1:      evilmike_arrival_plus, layout_rooms, serial_glass, glass_columns_c,
          glass_columns_c, st_stairs_7
D:2:      layout_loops_corners, first_ration, minivault_24, minmay_pentomino_v2
D:3:      layout_loops_ring, overflow_temple_1_default, st_stairs_14,
          kennysheep_potato, uniq_robin
D:4:      layout_loops_ring, minmay_shop_damaged, minivault_26, uniq_edmund
D:5:      layout_loops_ring, lightli_ossuary_entry_decrepit_ruins, uniq_menkaure

Skill      XL: |  1  2  3  4  5  6  7 |
---------------+----------------------+-----
Fighting       | 4 5 |  5.7
Axes           | 3 4 5 6 7 |  7.6
Shields        | 4 |  4.8
Armour         | 4 |  4.7
Dodging        | 1 |  1.8

Action                   |  1- 3 |  4- 6 |  7- 9 || total
-------------------------+-------+-------+-------++-------
Melee: War axe           |   136 |   164 |   110 ||   410
  Use: Scroll            |     6 |     1 |       ||     7
       Potion            |       |     1 |       ||     1
  Eat: Ration            |     1 |     1 |     1 ||     3
Armor: Scale mail        |    70 |    83 |    47 ||   200
Dodge: Dodged            |    41 |    42 |    22 ||   105
Block: Shield            |    75 |    71 |    52 ||   198
